 Dungeon Crawl Stone Soup version 0.28-a0-1435-g82390b3a13 (webtiles) character file.

Game seed: 3488163022220573327

3885 bjtr the Arsonist (level 10, -3/98 HPs)
             Began as an Ogre Fire Elementalist on Jan 10, 2022.
             Was a Believer of Vehumet.
             Slain by a warg (11 damage)
             ... on level 9 of the Dungeon.
             The game lasted 00:41:14 (8709 turns).

bjtr the Arsonist (Ogre Fire Elementalist)          Turns: 8709, Time: 00:41:14

Health: -3/98      AC: 10    Str: 14    XL:     10   Next: 19%
Magic:  30/30      EV: 10    Int: 23    God:    Vehumet [**....]
Gold:   451        SH:  0    Dex:  9    Spells: 14/24 levels left

rFire   . . .      SeeInvis .   a - +5 falchion of Res Nullius {vorpal, Int+3}
rCold   . . .      Faith    .   (no shield)
rNeg    . . .      Spirit   .   B - +4 robe of Summertime {rElec}
rPois   .          Reflect  .   (helmet restricted)
rElec   +          Harm     .   z - +2 cloak
rCorr   .          Rampage  .   (gloves unavailable)
Will    ++...                   (boots unavailable)
Stlth   +.........              j - amulet of magic regeneration
HPRegen 0.26/turn               l - ring of willpower
MPRegen 0.62/turn               K - ring of magical power

@: hasted, very quick
A: large, unfitting armour, tough skin 1
a: Renounce Religion


You were on level 9 of the Dungeon.
You worshipped Vehumet.
Vehumet was pleased with you.
You visited 2 branches of the dungeon, and saw 10 of its levels.
You also visited: Sewer and Ossuary.

You collected 451 gold pieces.

Inventory:

Hand Weapons
 a - the +5 falchion of Res Nullius (weapon) {vorpal, Int+3}
   (You found it on level 7 of the Dungeon)

   It inflicts extra damage upon your enemies.
   Int:       It affects your intelligence (+3).
 d - a +0 short sword
 g - a +0 mace
 y - a +4 quarterstaff of chaos
 M - a +0 war axe
 O - a +0 flail
 Q - a +0 giant club
 T - a +0 hunting sling
Missiles
 b - 170 stones
 q - 44 sling bullets
 J - 5 boomerangs
 L - 24 bolts
 N - 11 poisoned darts
Armour
 m - an orb of light
 x - a +2 robe of cold resistance
 z - a +2 cloak (worn)
 B - the +4 robe of Summertime (worn) {rElec}
   (You found it on level 5 of the Dungeon)

   rElec:     It insulates you from electricity.
Magical Staves
 k - a staff of cold
 s - a staff of poison
 A - a staff of death
Jewellery
 j - an amulet of magic regeneration (around neck)
 l - a ring of willpower (left hand)
 G - a ring of flight
 K - a ring of magical power (right hand)
Wands
 c - a wand of flame (29)
 S - a wand of charming (5)
Scrolls
 f - 2 scrolls of enchant weapon
 h - a scroll of fog
 i - a scroll of amnesia
 n - 2 scrolls of fear
 o - 2 scrolls of enchant armour
 p - 3 scrolls of immolation
 r - a scroll of teleportation
 D - a scroll of torment
Potions
 e - 5 potions of heal wounds
 t - 2 potions of mutation
 u - 2 potions of haste
 v - 2 potions of brilliance
 w - a potion of cancellation
 C - a potion of might
 E - 2 potions of resistance
 F - a potion of flight {unknown}
 H - 3 potions of curing
 I - 2 potions of ambrosia {unknown}
 P - a potion of lignification {unknown}
 R - 2 potions of magic {unknown}


   Skills:
 * Level 6.3 Fighting
 * Level 5.0 Dodging
 - Level 1.4 Stealth
 + Level 7.7 Spellcasting
 * Level 4.5 Conjurations
 * Level 9.0 Fire Magic


You had 14 spell levels left.
You knew the following spells:

 Your Spells              Type           Power      Damage    Failure   Level
a - Foxfire               Conj/Fire      100%       2x1d9     1%          1
b - Scorch                Fire           100%       2d10      1%          2
c - Conjure Flame         Conj/Fire      40%        6-21      1%          3
d - Flame Wave            Conj/Fire      40%        2d8       4%          4

Your spell library contained the following spells:

 Spells                   Type           Power      Damage    Failure   Level
 Shock                    Conj/Air       76%        1d7       2%          1
 Inner Flame              Hex/Fire       29%        N/A       3%          3
 Corpse Rot               Necr/Air       16%        N/A       11%         2
 Tukima's Dance           Hex            8%         N/A       22%         3
 Dispel Undead            Necr           8%         3d8       56%         4
 Passage of Golubria      Tloc           8%         N/A       56%         4
 Irradiate                Conj/Tmut      9%         3d17      61%         5
 Blade Hands              Tmut           4%         N/A       89%         5
 Yara's Violent Unravell  Hex/Tmut       4%         3d4       89%         5
 Death Channel            Necr           4%         N/A       100%        6
 Dragon Form              Tmut           4%         N/A       100%        7


Dungeon Overview and Level Annotations

Branches:
Dungeon (9/15)             Temple (1/1) D:5           Sewer (visited)
Ossuary (visited)
   Lair: D:8-11         Orc: D:9-12

Altars:
Ashenzari
Cheibriados
Dithmenos
Elyvilon
Fedhas
Gozag
Hepliaklqana
Kikubaaqudgha
Makhleb
Nemelex Xobeh
Okawaru
Qazlal
Ru
Sif Muna
Trog
Uskayaw
Vehumet
Wu Jian
Xom
Yredelemnul
Zin
The Shining One

Shops:
D:1 (


Innate Abilities, Weirdness & Mutations

You are too large for most types of armour.
You have tough skin. (AC +1)


Message History

The flame wave engulfs the orc wizard.
You kill the orc wizard!
Vehumet accepts your kill.
You feel your power returning.
The flame wave engulfs the warg.
The warg is heavily wounded.
The flame wave engulfs the kobold brigand.
The kobold brigand is heavily wounded.
The flame wave engulfs the orc priest!
You kill the orc priest!
Vehumet accepts your kill.
You feel your power returning.
The flame wave engulfs the kobold!
You kill the kobold!
Vehumet accepts your kill.
The flame wave engulfs the kobold!
You kill the kobold!
Vehumet accepts your kill.
You feel your power returning.
The flame wave engulfs the kobold.
You kill the kobold!
Vehumet accepts your kill.
You feel your power returning.
The flame wave engulfs the kobold!
You kill the kobold!
Vehumet accepts your kill.
You feel your power returning.
You hear a shout!
The warg bites you!
The kobold brigand hits you but does no damage.
The warg bites you!
* * * LOW HITPOINT WARNING * * *
The warg bites you!
* * * LOW HITPOINT WARNING * * *
Your Dodging skill increases to level 5!
You feel much better. The warg barely misses you. The warg bites you!
* * * LOW HITPOINT WARNING * * *
The warg bites you!
* * * LOW HITPOINT WARNING * * *
The kobold brigand barely misses you. The warg barely misses you.
You feel yourself speed up. The warg bites you.
* * * LOW HITPOINT WARNING * * *
The warg bites you!
You die...

.. #..#
..#####..##
..........#
..........#
..........+
.....)))..#
P....ohh..#
#.o))@..#
#..ohK..#
#######.#
.# #


You could see 3 wargs, a kobold brigand, an orc priest and 2 orcs.

Vanquished Creatures
  The ghost of mdk the Destroyer, a novice OpCj of Vehumet (D:6)
  A cyclops (D:9)
  A meliai zombie (D:8)
  A wyvern (D:7)
  A wraith (Ossuary)
  A water moccasin (D:8)
  2 ice beasts (D:6)
  2 black bears
  Pargi (Sewer)
  2 ogres (D:7)
  A necrophage (D:7)
  2 centaurs
  A bullfrog (D:4)
  4 scorpions
  A wyvern skeleton (D:5)
  A water moccasin skeleton (D:5)
  4 killer bees (D:7)
  2 bullfrog zombies
  3 centaur zombies
  5 hounds
  A jelly (D:6)
  A centaur skeleton (D:7)
  An orc priest (D:9)
  Crazy Yiuf (D:2)
  5 iguanas
  Ijyb (D:5)
  6 orc wizards
  A scorpion zombie (D:5)
  A mummy (Ossuary)
  A howler monkey zombie (D:5)
  9 adders
  2 river rats (D:4)
  2 ufetubi (D:5)
  An adder skeleton (D:4)
  4 worms
  3 dart slugs
  11 orcs
  3 bats
  3 endoplasms
  4 giant cockroaches
  4 hobgoblins
  4 jackals (D:1)
  7 kobolds
  2 quokkas
  9 ball pythons
  5 frilled lizards
  7 gnoll skeletons (Ossuary)
  4 goblins
  11 kobold skeletons (Ossuary)
  7 orc skeletons (Ossuary)
  5 rats
163 creatures vanquished.

Vanquished Creatures (others)
  119 foxfires
  4 plants
123 creatures vanquished.

Grand Total: 286 creatures vanquished

Notes
Turn   | Place    | Note
-------+----------+-------------------------------------------
     0 | D:1      | bjtr the Ogre Fire Elementalist began the quest for the
                  | Orb.
     0 | D:1      | Reached XP level 1. HP: 16/16 MP: 3/3
   270 | D:1      | Found Ejur's Weapon Shop.
   292 | D:1      | Reached skill level 1 in Conjurations
   292 | D:1      | Reached skill level 3 in Fire Magic
   328 | D:1      | Found a faded altar of an unknown god.
   338 | D:1      | Reached XP level 2. HP: 25/26 MP: 1/5
   445 | D:1      | Learned a level 2 spell: Scorch
   689 | D:2      | Found a runed translucent door.
   691 | D:2      | Noticed Crazy Yiuf
   966 | D:2      | Reached XP level 3. HP: 31/32 MP: 6/6
   970 | D:2      | Learned a level 3 spell: Conjure Flame
  1229 | D:2      | Found a glowing silver altar of Zin.
  1279 | D:2      | Reached skill level 1 in Fighting
  1946 | D:3      | Reached XP level 4. HP: 35/41 MP: 4/8
  2315 | D:4      | Noticed a scorpion
  2335 | D:4      | Noticed a bullfrog
  2352 | D:4      | Found a sacrificial altar of Ru.
  2352 | D:4      | Noticed a black bear
  2424 | D:4      | Noticed a scorpion
  2428 | D:4      | Killed a scorpion
  2429 | D:4      | Reached skill level 4 in Fire Magic
  2429 | D:4      | Reached XP level 5. HP: 48/48 MP: 3/9
  2434 | D:4      | Learned a level 4 spell: Flame Wave
  2675 | D:4      | Reached XP level 6. HP: 51/57 MP: 4/11
  2959 | D:4      | Found a glowing drain.
  2967 | Sewer    | Entered a sewer
  3093 | Sewer    | Noticed Pargi
  3098 | Sewer    | Killed Pargi
  3433 | D:4      | Reached skill level 5 in Fire Magic
  3437 | D:4      | Reached XP level 7. HP: 58/66 MP: 4/13
  3746 | D:5      | Entered Level 5 of the Dungeon
  3839 | D:5      | Noticed Ijyb
  3848 | D:5      | Killed Ijyb
  3971 | D:2      | Killed Crazy Yiuf
  4519 | D:5      | Found a staircase to the Ecumenical Temple.
  4525 | Temple   | Entered the Ecumenical Temple
  4672 | Temple   | Became a worshipper of Vehumet
  4911 | D:5      | Noticed a +0 falchion
  4911 | D:5      | Noticed a +0 short sword
  4912 | D:5      | Noticed a +0 falchion
  4912 | D:5      | Noticed a +0 dagger
  4913 | D:5      | Noticed a +0 short sword
  4913 | D:5      | Noticed a +0 dagger
  4916 | D:5      | Noticed a +0 spear
  4917 | D:5      | Noticed a +0 spear
  4920 | D:5      | Found a hide-covered altar of Uskayaw.
  4950 | D:5      | Reached skill level 5 in Spellcasting
  4969 | D:5      | Reached XP level 8. HP: 75/75 MP: 11/15
  4989 | D:5      | Reached skill level 6 in Fire Magic
  4995 | D:5      | Identified the +4 robe of Summertime {rElec}
  5255 | D:6      | Found a sand-covered staircase.
  5260 | Ossuary  | Entered an ossuary
  5260 | Ossuary  | Noticed a wraith
  5260 | Ossuary  | Noticed a wraith
  5260 | Ossuary  | Noticed a wraith
  5315 | Ossuary  | Noticed a wraith
  5324 | Ossuary  | Killed a wraith
  5409 | Ossuary  | Reached * piety under Vehumet
  5409 | Ossuary  | Offered knowledge of Freeze by Vehumet.
  5492 | D:6      | Found a glowing silver altar of Zin.
  5647 | D:6      | Found a runed translucent door.
  5649 | D:6      | Noticed mdk's ghost (novice OpCj)
  5670 | D:6      | Killed mdk's ghost
  5671 | D:6      | Reached skill level 7 in Fire Magic
  5671 | D:6      | Reached XP level 9. HP: 65/85 MP: 3/18
  5937 | D:6      | Found a snail-covered altar of Cheibriados.
  6084 | D:6      | Found a stormy altar of Qazlal.
  6090 | D:6      | Reached skill level 5 in Fighting
  7037 | D:7      | Reached skill level 8 in Fire Magic
  7174 | D:7      | Found an opulent altar of Gozag.
  7232 | D:7      | Identified the +5 falchion of Res Nullius {vorpal, Int+3}
  7390 | D:7      | Reached ** piety under Vehumet
  7398 | D:7      | Offered knowledge of Shock by Vehumet.
  7449 | D:7      | Found a blossoming altar of Fedhas.
  7506 | D:7      | Found a shadowy altar of Dithmenos.
  8066 | D:8      | Reached XP level 10. HP: 52/98 MP: 21/21
  8402 | D:8      | Found a broken altar of Ashenzari.
  8696 | D:9      | Noticed a cyclops
  8699 | D:9      | Killed a cyclops
  8700 | D:9      | Reached skill level 9 in Fire Magic
  8708 | D:9      | Reached skill level 5 in Dodging
  8709 | D:9      | Slain by a warg

Illustrated notes

Levels and vault maps discovered:
D:1:      minmay_arrival_stone_box, layout_rooms, serial_shops,
          nicolae_shop_statue_plus, hellmonk_ecumenical_altar_crossroads
D:2:      layout_loops_ring, basic_altar, corexii_shack, uniq_crazy_yiuf_cottage
D:3:      layout_basic
D:4:      layout_loops_ring, lemuel_round_altar, serial_co_window_serial,
          co_window_cross_1, co_window_corner_a, co_window_paths_b,
          co_window_of_opportunity_a, co_window_corner_a, co_window_cross_2,
          co_window_of_opportunity_b, co_window_corner_cb, co_window_cross_3,
          glass_columns_a, lightli_sewer_entry_pipes
D:5:      layout_rooms, nicolae_uskayaw_en_pointe,
          minmay_temple_entry_gardened_gates, minmay_quadrilaterals, uniq_ijyb
D:6:      layout_loops_ring, mainiacjoe_overflow_surrounded_room,
          zin_scriptorium, mainiacjoe_overflow_tiny_flanked,
          nicolae_ossuary_entry_monument, gammafunk_ghost_grave, minmay_holes
D:7:      layout_loops_ring, fedhas_altar_4, mainiacjoe_overflow_alcove_1,
          nicolae_gozag_seed_capital
D:8:      layout_loops_ring, nicolae_overflow_hidden_temple
D:9:      layout_basic, erik_lair_orcish_takeover, enter_bailey_3,
          corexii_corridor_pit
Temple:   oiseaux_autumnal_temple

Skill      XL: |  1  2  3  4  5  6  7  8  9 10 |
---------------+-------------------------------+-----
Conjurations   | 1 2 3 4 |  4.5
Fire Magic     | 3 4 5 7 8 9 |  9.0
Dodging        | 2 3 4 5 |  5.0
Fighting       | 1 2 3 4 6 |  6.3
Spellcasting   | 3 4 5 6 7 |  7.7
Stealth        | |  1.4

Action                   |  1- 3 |  4- 6 |  7- 9 | 10-12 || total
-------------------------+-------+-------+-------+-------++-------
Melee: Short sword       |    17 |       |       |       ||    17
       Mace              |     8 |     1 |     2 |       ||    11
       Quarterstaff      |       |       |    62 |       ||    62
       Falchion          |       |       |    22 |    19 ||    41
       Punch             |       |       |     1 |       ||     1
 Cast: Foxfire           |    31 |    17 |    15 |     4 ||    67
       Scorch            |    15 |    38 |   100 |     3 ||   156
       Conjure Flame     |       |       |     5 |       ||     5
       Flame Wave        |       |       |     6 |     2 ||     8
  Use: Scroll            |     6 |     6 |    11 |       ||    23
       Potion            |       |       |     1 |     2 ||     3
 Stab: Sleeping          |       |     1 |     2 |       ||     3
Armor: Robe              |    14 |     8 |    82 |    25 ||   129
Dodge: Dodged            |    22 |    15 |   113 |    19 ||   169

Table legend: (Time is in decaauts)
 A = Elapsed time spent in this place.
 B = Non-inter-level travel time spent in this place.
 C = Inter-level travel time spent in this place.
 D = Time resting spent in this place.
 E = Time spent auto-exploring this place.
 F = Levels seen in this place.
 G = Mean time per level.
                   A        B        C        D        E       F      G
               +--------+--------+--------+--------+--------+-----+--------+
         Total |   8829 |   8280 |    549 |   1579 |   5042 |  12 |  735.8 |
       Dungeon |   7960 |   7444 |    516 |   1445 |   4621 |   9 |  884.4 |
        Temple |    319 |    286 |     33 |      0 |    269 |   1 |  319.0 |
         Sewer |    321 |    321 |      0 |    111 |     94 |   1 |  321.0 |
       Ossuary |    228 |    228 |      0 |     23 |     57 |   1 |  228.0 |
               +--------+--------+--------+--------+--------+-----+--------+

Top non-repeatable levels by time:
     D:6: 1294 daAuts
     D:4: 1226 daAuts
     D:2: 1224 daAuts
     D:7: 1192 daAuts
     D:3: 866 daAuts
     D:5: 769 daAuts
     D:8: 751 daAuts
     D:1: 621 daAuts
   Sewer: 321 daAuts
  Temple: 319 daAuts
 Ossuary: 228 daAuts
     D:9: 13 daAuts
